 Dungeon Crawl Stone Soup version 0.30-a0-989-g0d87f670db (webtiles) character file.

Game seed: 15255218593630067782

862 Maxmaps the Trooper (level 7, 0/64 HPs)
             Began as a Purple Draconian Transmuter on Apr 4, 2023.
             Slain by an orc
             ... wielding a +0 falchion
              (4 damage)
             ... on level 6 of the Dungeon.
             The game lasted 00:06:25 (5625 turns).

Maxmaps the Trooper (Purple Draconian Transmuter)   Turns: 5625, Time: 00:06:26

Health: 0/64       AC:  2    Str: 13    XL:     7   Next: 72%
Magic:  9/10       EV: 19    Int: 15    God:
Gold:   300        SH:  0    Dex: 16    Spells: 6/10 levels left

rFire   . . .      SeeInvis .      - Unarmed
rCold   . . .      Faith    .    (shield currently unavailable)
rNeg    . . .      Spirit   .    (body armour unavailable)
rPois   x          Reflect  .    (helmet currently unavailable)
rElec   .          Rampage  .    (cloak currently unavailable)
rCorr   .                        (gloves currently unavailable)
Will    +....                    (boots currently unavailable)
Stlth   +                        (no amulet)
HPRegen 0.30/turn                (no ring)
MPRegen 0.12/turn                (no ring)

@: spider-form (expiring)
A: venomous fangs, (breathe power), AC +6, tiny, unfitting armour,
(cold-blooded)
a: End Transformation


You were on level 6 of the Dungeon.
You were a venomous arachnid creature.
You visited 1 branch of the dungeon, and saw 6 of its levels.

You collected 300 gold pieces.

Inventory:

Jewellery
 k - a ring of positive energy
 q - an amulet of guardian spirit
 w - a +5 ring of evasion
Scrolls
 b - 3 scrolls of amnesia {unknown}
 d - 2 scrolls of enchant armour {unknown}
 e - 7 scrolls of teleportation {unknown}
 f - a scroll of magic mapping {unknown}
 g - a scroll of blinking {unknown}
 o - 2 scrolls of vulnerability {unknown}
 p - 5 scrolls of identify {unknown}
 s - a scroll of fog {unknown}
 t - a scroll of summoning {unknown}
 u - a scroll of noise {unknown}
Potions
 a - 4 potions of lignification
 c - a potion of invisibility {unknown}
 h - a potion of curing {unknown}
 i - a potion of heal wounds {unknown}
 j - a potion of mutation {unknown}
 l - 2 potions of might {unknown}
 m - 2 potions of brilliance {unknown}
 n - 2 potions of attraction {unknown}
 r - 2 potions of magic {unknown}
 v - a potion of degeneration {unknown}


   Skills:
 + Level 6.6 Fighting
 - Level 1.7 Dodging
 - Level 3.0 Unarmed Combat
 - Level 2.4 Spellcasting
 - Level 5.0 Transmutations
 - Level 4.0 Poison Magic


You had 6 spell levels left.
You knew the following spells:

 Your Spells              Type           Power      Damage    Failure   Level
a - Beastly Appendage     Tmut           32%        N/A       10%         1
b - Spider Form           Tmut/Pois      15%        N/A       24%         3

Your spell library contained the following spells:

 Spells                   Type           Power      Damage    Failure   Level
 Wereblood                Tmut           16%        N/A       13%         2
 Lesser Beckoning         Tloc           2%         N/A       54%         2
 Gell's Gravitas          Tloc           1%         N/A       75%         3
 Stone Arrow              Conj/Erth      2%         3d7       75%         3
 Teleport Other           Tloc           1%         N/A       75%         3
 Ice Form                 Ice/Tmut       9%         N/A       78%         4
 Lehudib's Crystal Spear  Conj/Erth      0%         10d2      100%        8
 Animate Armour           Summ/Erth      Unusable   N/A       N/A         4

Dungeon Overview and Level Annotations

Branches:
Dungeon (6/15)
 Temple: D:4-7

Altars:
Dithmenos
Fedhas
Okawaru
Ru
Uskayaw
Wu Jian
Xom


Innate Abilities, Weirdness & Mutations

You are a venomous arachnid creature.
You have venomous fangs.
You are tiny and dextrous.
Your spellcasting is less reliable in this form.
Your armour is entirely melded.
You are incapable of wielding weapons or throwing items.
((You can breathe bolts of dispelling energy.))
((Your rich purple scales are hard. (AC +6)))
You cannot fit into any form of body armour.
((You are cold-blooded and may be slowed by cold attacks.))


Message History

You hit the hound.
The hound looks as sick as possible!
The hound is moderately wounded.
The hound bites you.
The hound stops to sniff the ground.
The hound completely misses you.
You hit the hound.
The hound is almost dead.
The hound barely misses you.
The orc wizard mumbles some strange words.
The orc wizard flickers and vanishes!
Deactivating autopickup; reactivate with Ctrl-A.
You closely miss the hound.
The hound is almost dead.
The hound bites you.
You barely miss the hound.
The hound is almost dead.
You kill the hound!
The orc priest invokes the aid of Beogh against you.
Beogh smites you!
Found a rapier.
The orc completely misses you.
The orc priest hits you with a +0 flail!
* * * LOW HITPOINT WARNING * * *
Things that are here:
a +0 giant club; a hound corpse; an ogre corpse You hit the orc priest but do no damage.
The orc priest is poisoned.
Your transformation is almost over.
The orc priest closely misses you. Something closely misses you.
The orc closely misses you.
You hit the orc priest.
The orc priest looks as sick as possible!
The orc priest is lightly wounded.
The orc priest mumbles some strange prayers to Beogh against you.
You resist with significant effort.
You hear some strange, mumbled words.
A magic dart appears from out of thin air!
The magic dart hits you!
* * * LOW HITPOINT WARNING * * *
The orc hits you with a +0 falchion.
You die...

##### .....
.P..... .....++
.P.P... .....
.P.P._. ....
.P.P... #..
.P.....
######o##.P.PPPP
)...$.os........
###+##{#.###..# #
##+#.# #.###....#
+........####.#
###..............#
#........#.......#
#.######.#........
#..#.#........


You could see an orc priest (extremely poisoned) and an orc.

Vanquished Creatures
  Duvessa (D:5)
  An ogre (D:6)
  A bullfrog (D:5)
  Dowan (D:5)
  A jelly (D:5)
  4 hounds
  3 iguanas (D:5)
  Terence (D:3)
  A sleepcap (D:4)
  An orc wizard (D:4)
  9 gnolls
  2 adders
  A shadow imp (D:5)
  A white imp (D:5)
  An ufetubus (D:4)
  A worm (D:4)
  4 dart slugs
  15 orcs
  9 endoplasms
  3 giant cockroaches
  10 goblins
  9 hobgoblins
  4 jackals (D:3)
  6 kobolds
  3 quokkas
  7 ball pythons
  2 bats (D:3)
  3 frilled lizards
  3 rats
108 creatures vanquished.

Vanquished Creatures (others)
  6 fungi (D:3)
  3 plants
  3 toadstools (D:3)
12 creatures vanquished.

Grand Total: 120 creatures vanquished

Notes
Turn   | Place    | Note
-------+----------+-------------------------------------------
     0 | D:1      | Maxmaps the Draconian Transmuter began the quest for the
                  | Orb.
     0 | D:1      | Reached XP level 1. HP: 16/16 MP: 3/3
   183 | D:1      | Reached XP level 2. HP: 23/23 MP: 5/5
  1330 | D:2      | Reached XP level 3. HP: 13/28 MP: 4/6
  1736 | D:3      | Identified the +5 mace of Naosefob {holy, rC+ rCorr Dex+2}
  1799 | D:3      | Reached XP level 4. HP: 11/35 MP: 7/7
  1808 | D:3      | Learned a level 3 spell: Spider Form
  2048 | D:3      | Noticed Terence
  2066 | D:3      | Killed Terence
  2072 | D:3      | Reached skill level 5 in Transmutations
  2417 | D:3      | Reached skill level 1 in Poison Magic
  2530 | D:3      | Reached XP level 5. HP: 34/40 MP: 4/8
  2722 | D:3      | Found a hide-covered altar of Uskayaw.
  2813 | D:3      | Found an ornate altar of the Wu Jian Council.
  2915 | D:3      | Found a shimmering altar of Xom.
  3518 | D:4      | Reached XP level 6. HP: 34/47 MP: 6/9
  3911 | D:4      | Found an iron altar of Okawaru.
  4414 | D:5      | Entered Level 5 of the Dungeon
  4420 | D:5      | Reached skill level 2 in Fighting
  4427 | D:5      | Reached skill level 3 in Fighting
  4681 | D:5      | Reached skill level 4 in Fighting
  4702 | D:5      | Your scales start taking on a rich purple colour.
  4702 | D:5      | Reached XP level 7. HP: 38/59 MP: 6/10
  5093 | D:5      | Noticed Dowan
  5100 | D:5      | Noticed Duvessa
  5104 | D:5      | Killed Dowan
  5117 | D:5      | Found a sacrificial altar of Ru.
  5142 | D:5      | Killed Duvessa
  5143 | D:5      | Reached skill level 5 in Fighting
  5382 | D:5      | Found a shadowy altar of Dithmenos.
  5605 | D:6      | Found a blossoming altar of Fedhas.
  5618 | D:6      | Reached skill level 6 in Fighting
  5625 | D:6      | Slain by an orc

Illustrated notes

Levels and vault maps discovered:
D:1:      lemuel_arrival_lava_pool, layout_basic, hangedman_decor_peaks_small
D:2:      layout_basic, serial_forest, infiniplex_forest_end_3,
          infiniplex_forest_straight_2, infiniplex_forest_straight_3,
          infiniplex_forest_end_3, infiniplex_forest_straight_2,
          infiniplex_forest_lined_4_way, infiniplex_forest_lined_1,
          minmay_tetromino_l2
D:3:      cheibrodos_old_hovel, layout_loops_cross, lemuel_doored_altar,
          lemuel_coloured_pillars_altar, nicolae_uskayaw_dance_hall,
          kennysheep_cross_room, grunt_ministairs_6, minmay_gold_behind_fungi,
          uniq_terence
D:4:      layout_basic, okawaru_altar_gauntlet_db
D:5:      layout_loops_ring, mainiacjoe_overflow_concentric_impassable,
          grunt_dithmenos_shadows, uniq_duvessa
D:6:      layout_basic, mainiacjoe_overflow_cross_hatched, elyvilon_altar_3,
          kennysheep_mini, gammafunk_ghost_stat_death, uniq_maggie,
          uniq_sigmund, uniq_crazy_yiuf_cottage, uniq_eustachio

Skill      XL: |  1  2  3  4  5  6  7 |
---------------+----------------------+-----
Transmutations | 3 4 5 |  5.0
Poison Magic   | 1 3 4 |  4.0
Fighting       | 4 6 |  6.6
Dodging        | |  1.7
Unarmed Combat | |  3.0
Spellcasting   | |  2.4

Action                     |  1- 3 |  4- 6 |  7- 9 || total
---------------------------+-------+-------+-------++-------
  Melee: Unarmed           |    99 |   241 |    53 ||   393
         Punch             |     3 |     1 |       ||     4
         Tailslap          |    11 |    11 |       ||    22
         Kick              |     7 |     2 |       ||     9
         Headbutt          |     6 |       |       ||     6
   Cast: Beastly Appendage |    14 |       |       ||    14
         Spider Form       |       |    27 |     4 ||    31
Ability: Breathe Dispellin |       |       |     1 ||     1
    Use: Potion            |       |       |     1 ||     1
   Stab: Sleeping          |       |     1 |       ||     1
 Armour: Skin              |    30 |    41 |     4 ||    75
  Dodge: Dodged            |    60 |   250 |    36 ||   346

Table legend: (Time is in decaauts)
 A = Elapsed time spent in this place.
 B = Non-inter-level travel time spent in this place.
 C = Inter-level travel time spent in this place.
 D = Time resting spent in this place.
 E = Time spent auto-exploring this place.
 F = Levels seen in this place.
 G = Mean time per level.
                   A        B        C        D        E       F      G
               +--------+--------+--------+--------+--------+-----+--------+
         Total |   5605 |   5473 |    132 |    717 |   3955 |   6 |  934.2 |
       Dungeon |   5605 |   5473 |    132 |    717 |   3955 |   6 |  934.2 |
               +--------+--------+--------+--------+--------+-----+--------+

Top non-repeatable levels by time:
     D:4: 1472 daAuts
     D:3: 1218 daAuts
     D:5: 1176 daAuts
     D:2: 1016 daAuts
     D:1: 692 daAuts
     D:6: 28 daAuts
